 Dungeon Crawl Stone Soup version 0.29.0-13-gc9e81de378 (webtiles) character file.

Game seed: 15274423389341192233

99 nshep25 the Shooter (level 4, 0/23 HPs)
             Began as a Spriggan Hunter on Sept 9, 2022.
             Was a Believer of Fedhas.
             Slain by an orc
             ... wielding a +0 club
              (4 damage)
             ... on level 3 of the Dungeon.
             The game lasted 00:15:36 (2010 turns).

nshep25 the Shooter (Spriggan Hunter)               Turns: 2010, Time: 00:15:36

Health: 0/23       AC:  2    Str:  7    XL:     4   Next: 45%
Magic:  5/5        EV: 18    Int: 10    God:    Fedhas [**....]
Gold:   83         SH:  0    Dex: 20    Spells: 3/3 levels left

rFire   . . .      SeeInvis +   o - +2 short sword (venom)
rCold   . . .      Faith    .   (no shield)
rNeg    . . .      Spirit   .   c - +0 robe
rPois   .          Reflect  .   (helmet restricted)
rElec   .          Harm     .   (no cloak)
rCorr   .          Rampage  .   (gloves unavailable)
Will    .....                   (boots unavailable)
Stlth   +.........              (no amulet)
HPRegen 0.07/turn               (no ring)
MPRegen 0.09/turn               (no ring)

@: confused, very quick
A: very small, no large weapons, unfitting armour, see invisible, speed 3
a: Renounce Religion, Wall of Briars


You were on level 3 of the Dungeon.
You worshipped Fedhas.
Fedhas was pleased with you.
You visited 1 branch of the dungeon, and saw 3 of its levels.

You collected 83 gold pieces.

Inventory:

Hand Weapons
 a - a +0 shortbow
 o - a +2 short sword of venom (weapon)
Missiles
 e - 3 poisoned darts
 h - 5 boomerangs
Armour
 c - a +0 robe (worn)
 l - a scarf of shadows
Wands
 s - a wand of light (12)
Scrolls
 b - a scroll of immolation
 d - a scroll of silence {unknown}
 f - 3 scrolls of identify {unknown}
 i - a scroll of magic mapping {unknown}
 j - a scroll of summoning {unknown}
 m - a scroll of teleportation {unknown}
 p - a scroll of poison {unknown}
 t - a scroll of fear {unknown}
 u - a scroll of vulnerability {unknown}
Potions
 g - a potion of magic {unknown}
 k - 4 potions of mutation {unknown}
 n - a potion of attraction {unknown}
 q - a potion of lignification {unknown}
 r - a potion of curing {unknown}


   Skills:
 + Level 2.1 Fighting
 + Level 5.6 Ranged Weapons
 + Level 2.8 Dodging
 + Level 1.6 Stealth


You had 3 spell levels left.
You didn't know any spells.
Your spell library contained the following spells:

 Spells                   Type           Power      Damage    Failure   Level
 Foxfire                  Conj/Fire      0%         2x1d4     36%         1
 Slow                     Hex            0%         N/A       36%         1
 Blink                    Tloc           0%         N/A       50%         2
 Confusing Touch          Hex            0%         N/A       75%         3
 Conjure Flame            Conj/Fire      0%         6-21      75%         3
 Inner Flame              Hex/Fire       0%         N/A       75%         3
 Lesser Beckoning         Tloc           0%         N/A       75%         3
 Vampiric Draining        Necr           0%         2d6       75%         3
 Flame Wave               Conj/Fire      0%         2d4       98%         4
 Hailstorm                Conj/Ice       0%         3d3       98%         4
 Ice Form                 Ice/Tmut       0%         N/A       98%         4
 Manifold Assault         Tloc           0%         N/A       100%        5
 Simulacrum               Ice/Necr       0%         N/A       100%        6


Dungeon Overview and Level Annotations

Branches:
Dungeon (3/15)

Altars:
Fedhas


Innate Abilities, Weirdness & Mutations

You are very small and have problems with some larger weapons.
You are too small for most types of armour.
You have supernaturally acute eyesight. (SInv)
You cover ground extremely quickly. (Speed+++)


Message History

Press: ? - help, Q - select action, (/) - cycle Shift-Dir - straight line, f/p - orc
Aim: an orc, wielding a +1 mace of protection (severely wounded, 65% to hit)
You shoot an arrow. The arrow completely misses the orc.
The orc priest shouts!
You hear a shout!
The orc wizard hits you with a +0 dagger.
The orc misses you. The orc hits you with a +0 club.
Your +2 short sword of venom begins to drip with poison!
o - a +2 short sword of venom (weapon)
You barely miss the orc.
The orc is severely wounded.
The orc hits you but does no damage. The orc wizard misses you.
The orc closely misses you.
You hit the orc.
You kill the orc!
Fedhas appreciates your contribution to the ecosystem.
The orc misses you.
The orc wizard points at you and mumbles some strange words.
The magic dart hits you. The orc hits you with a +0 club.
The orc wizard hits you with a +0 dagger.
You closely miss the orc wizard.
The orc wizard hits you with a +0 dagger.
The orc closely misses you.
You completely miss the orc wizard. The orc wizard misses you.
The orc misses you.
A kobold comes into view. It is wielding a +0 club.
You hit the orc wizard but do no damage.
The orc wizard is poisoned.
The orc wizard closely misses you. The orc priest completely misses you.
The orc misses you.
You hit the orc.
The orc is poisoned.
The orc is heavily wounded.
The orc closely misses you.
The orc priest invokes the aid of Beogh against you.
Pain shoots through your body!
* * * LOW HITPOINT WARNING * * *
The orc wizard gestures at you while chanting.
You are confused.
The orc hits you with a +0 club.
You die...
Fedhas appreciates your contribution to the ecosystem.

.. ........ #.
#......
####.##.....
...........
..........#
.$........###
#.......o...#
#$.....@o...#
#.....).o......#
#...........K..#
#..............#
#..............#
#.............(.
##########....##
....#


You could see an orc priest, an orc wizard (very poisoned), an orc (very
poisoned) and a kobold.

Vanquished Creatures
  2 adders (D:2)
  3 worms (D:2)
  2 dart slugs (D:2)
  3 orcs
  3 ball pythons
  2 bats
  5 endoplasms
  6 giant cockroaches
  9 goblins
  4 hobgoblins
  3 jackals (D:2)
  5 frilled lizards
  8 kobolds
  7 rats
62 creatures vanquished.

Vanquished Creatures (others)
  2 demonic plants (D:2)
  2 withered plants (D:2)
4 creatures vanquished.

Grand Total: 66 creatures vanquished

Notes
Turn   | Place    | Note
-------+----------+-------------------------------------------
     0 | D:1      | nshep25 the Spriggan Hunter began the quest for the Orb.
     0 | D:1      | Reached XP level 1. HP: 10/10 MP: 2/2
   268 | D:1      | You fall into a shaft and drop 1 floor!
   283 | D:2      | Reached XP level 2. HP: 14/14 MP: 3/3
   691 | D:1      | Reached XP level 3. HP: 18/18 MP: 4/4
  1037 | D:1      | Reached skill level 5 in Ranged Weapons
  1230 | D:2      | Found a faded altar of an unknown god.
  1355 | D:2      | Prayed at the altar of an unknown god.
  1355 | D:2      | Became a worshipper of Fedhas Madash
  1355 | D:2      | Reached * piety under Fedhas
  1602 | D:2      | Reached XP level 4. HP: 23/23 MP: 5/5
  1855 | D:2      | Reached ** piety under Fedhas
  2010 | D:3      | Slain by an orc

Illustrated notes

Levels and vault maps discovered:
D:1:      grunt_arrival_lava_bath, layout_loops_corners
D:2:      layout_rooms, shapermc_ecumenical_altar_gd, minmay_joined_circles
D:3:      layout_basic, gup_sewer_entry_glass

Skill      XL: |  1  2  3 |
---------------+----------+-----
Ranged Weapons | 5 |  5.6
Fighting       | 2 |  2.1
Dodging        | |  2.8
Stealth        | |  1.6

Action                   |  1- 3 |  4- 6 || total
-------------------------+-------+-------++-------
Melee: Short sword       |     9 |     6 ||    15
       Shortbow          |       |     1 ||     1
 Fire: Shortbow          |   114 |    30 ||   144
Armor: Robe              |     3 |     2 ||     5
Dodge: Dodged            |    25 |    37 ||    62
